[Event "*** Titled Tuesday Blitz"]
[Site "Chess.com"]
[Date "2020.12.01"]
[Round "3"]
[White "Arseniy_Nesterov"]
[Black "bratkoo"]
[Result "1-0"]
[WhiteElo "2847"]
[BlackElo "2553"]
[TimeControl "180+1"]
[EndTime "10:25:57 PST"]
[Termination "Arseniy_Nesterov won by resignation"]

1. d4 e6 2. c4 d5 3. Nf3 c6 4. g3 Nf6 5. Bg2 Be7 6. O-O O-O 7. Qc2 b6 8. Rd1 Na6 9. a3 Bb7 10. Bf4 Rc8 11. Nc3 dxc4 12. Ne5 Nd5 13. Nxc4 Nxf4 14. gxf4 Qc7 15. e3 c5 16. Nb5 Qb8 17. Bxb7 Qxb7 18. Nbd6 Qf3 19. Ne5 Qxd1+ 20. Rxd1 Bxd6 21. Qa4 Nc7 22. Qxa7 cxd4 23. Rxd4 Nd5 24. Rc4 Bc5 25. b4 Ra8 26. Qd7 Rad8 27. Qb5 Bd6 28. Rc6 f6 29. Nc4 Bxf4 30. exf4 Nxf4 31. Ne3 Rd5 32. Nxd5 1-0

[Event "*** Titled Tuesday Blitz"]
[Site "Chess.com"]
[Date "2020.12.01"]
[Round "3"]
[White "elamier"]
[Black "midedu"]
[Result "1-0"]
[WhiteElo "2312"]
[BlackElo "2089"]
[TimeControl "180+1"]
[EndTime "10:26:02 PST"]
[Termination "elamier won by resignation"]

1. d4 Nf6 2. Bg5 e6 3. e4 d6 4. Nc3 Be7 5. Qd2 a6 6. f4 h6 7. Bxf6 Bxf6 8. e5 dxe5 9. fxe5 Bg5 10. Qf2 Nc6 11. Nf3 O-O 12. h4 Be7 13. O-O-O Bb4 14. Ne4 b5 15. Bd3 Be7 16. g4 Nb4 17. Kb1 Bb7 18.
g5 Nxd3 19. cxd3 h5 20. Nf6+ gxf6 21. gxf6 Bxf6 22. Rhg1+ Kh8 23. Qe3 Kh7 24. Ng5+ Bxg5 25. Rxg5 f5 26. Rdg1 1-0

[Event "*** Titled Tuesday Blitz"]
[Site "Chess.com"]
[Date "2020.12.01"]
[Round "3"]
[White "Rital44"]
[Black "ulkaf961"]
[Result "1-0"]
[WhiteElo "2449"]
[BlackElo "2284"]
[TimeControl "180+1"]
[EndTime "10:26:05 PST"]
[Termination "Rital44 won by resignation"]

1. e4 e6 2. d4 d5 3. e5 c5 4.
c3 Nc6 5. Nf3 Qb6 6. Bd3 cxd4 7.
cxd4 Bd7 8. O-O Nxd4 9. Nbd2 Ne7 10. Nxd4 Qxd4 11. Nf3 Qb6 12. b4 Bb5 13. Be3 Qa6 14.
Bxb5+ Qxb5 15. a4 Qd7 16. Nd4 Nf5 17. Nxf5 exf5 18. Qd4 Be7 19. Rfd1 O-O 20. Qxd5 Qxd5 21. Rxd5 Bxb4 22. Rb5 a5 23. Rxb7 Bc3 24. Rab1 Bxe5 25.
R1b5 Rfe8 26. g3 g6 27. h4 h5 28. Kg2 Bc3 29. Rc7 Rab8 30. Rxc3 1-0

[Event "*** Titled Tuesday Blitz"]
[Site "Chess.com"]
[Date "2020.12.01"]
[Round "3"]
[White "BigAl"]
[Black "carloseduar100"]
[Result "1-0"]
[WhiteElo "2460"]
[BlackElo "2038"]
[TimeControl "180+1"]
[EndTime "10:26:07 PST"]
[Termination "BigAl won by resignation"]

1. Nf3 Nf6 2. g3 d5 3. Bg2 c6 4. O-O Nbd7 5. d3 e5 6. Nc3 Bd6 7. e4 O-O 8. exd5 cxd5 9. Nb5 Bb8 10. c4 d4 11. Re1 Re8 12. b4 Qb6 13. a4 a5 14.
bxa5 Rxa5 15. Bd2 Ra8 16. a5 Qd8 17. Bb4 b6 18. Nfxd4 bxa5 19. Bxa8 axb4 20. Nc6 Qb6 21. Nxb8 Qxb8 22. Bg2 Nc5 23. d4 Nce4 24. Bxe4 Nxe4 25.
Rxe4 1-0

[Event "*** Titled Tuesday Blitz"]
[Site "Chess.com"]
[Date "2020.12.01"]
[Round "3"]
[White "barriochess"]
[Black "Karacsonyi_Gellert"]
[Result "0-1"]
[WhiteElo "2394"]
[BlackElo "2662"]
[TimeControl "180+1"]
[EndTime "10:26:09 PST"]
[Termination "Karacsonyi_Gellert won by resignation"]

1. d4 Nf6 2. Bg5 d5 3. Nd2 g6 4. e3 Bg7 5. Bd3 O-O 6. f4 b6 7.
Qe2 c5 8. c3 a5 9. Ngf3 Ba6 10.
O-O Bxd3 11. Qxd3 Nc6 12. Ne5 Nxe5 13. fxe5 Nd7 14. e4 dxe4 15. Qxe4 cxd4 16. cxd4 h6 17. Be3 e6 18. Rf2 b5 19. Raf1 Nb6 20. Qc6 Nd5 21. Bf4 Qb6 22. Qxb6 Nxb6 23. Nb3 Rfd8 24. Rd1 a4 25.
Nc5 Rac8 26. Ne4 g5 27. Be3 Nc4 28. Bc1 Nxe5 29. Rdf1 Nd3 30. Rxf7 Rxc1 0-1

[Event "*** Titled Tuesday Blitz"]
[Site "Chess.com"]
[Date "2020.12.01"]
[Round "3"]
[White "dpopadic"]
[Black "Bwert2602"]
[Result "1-0"]
[WhiteElo "2398"]
[BlackElo "2200"]
[TimeControl "180+1"]
[EndTime "10:26:09 PST"]
[Termination "dpopadic won by resignation"]

1. e4 e6 2. Nf3 d5 3. e5 c5 4.
b4 cxb4 5. d4 Nc6 6. a3 bxa3 7.
c3 f6 8. Bd3 fxe5 9. Nxe5 Nxe5 10. dxe5 Ne7 11. O-O Ng6 12. Qh5 Qh4 13. Bxg6+ hxg6 14. Qxg6+ Kd7 15. h3 b6 16. Bxa3 Ba6 17. Bxf8 Bxf1 18.
Qxg7+ Kc6 19. Be7 Qe4 20. Nd2 Qxg2+ 21. Qxg2 Bxg2 22. Kxg2 Rag8+ 23. Kh2 Rh4 24. Bxh4 1-0

[Event "*** Titled Tuesday Blitz"]
[Site "Chess.com"]
[Date "2020.12.01"]
[Round "3"]
[White "Anna_ChessMate"]
[Black "Skat2704"]
[Result "1-0"]
[WhiteElo "2575"]
[BlackElo "2360"]
[TimeControl "180+1"]
[EndTime "10:26:14 PST"]
[Termination "Anna_ChessMate won by resignation"]

1. d4 d5 2. c4 e6 3. Nf3 Nf6 4. Nc3 Be7 5. Bf4 O-O 6. e3 b6 7. cxd5 exd5 8. Bd3 Bb7 9. O-O c5 10. Rc1 Nc6 11. dxc5 bxc5 12. b3 h6 13. Na4 Nd7 14. Bb1 Nb4 15. a3 Na6 16. Qd3 Nf6 17. Be5 g6 18.
Rfd1 Rc8 19. h3 Qd7 20. Ba1 Rfd8 21. Ne5 Qe8 22. Qd2 c4 23. Qd4 Nc5 24. Ng4 Nce4 25. Bxe4 dxe4 26. Nxf6+ Bxf6 27. Qxf6 Rxd1+ 28. Rxd1 1-0

[Event "*** Titled Tuesday Blitz"]
[Site "Chess.com"]
[Date "2020.12.01"]
[Round "3"]
[White "MarcoRiehle"]
[Black "ajedrezsinlimites"]
[Result "1-0"]
[WhiteElo "2674"]
[BlackElo "2438"]
[TimeControl "180+1"]
[EndTime "10:26:18 PST"]
[Termination "MarcoRiehle won by resignation"]

1. e4 c6 2. c4 d5 3. exd5 cxd5 4. cxd5 Qxd5 5. Nc3 Qd8 6. d4 Nf6 7. Nf3 e6 8. Bd3 Be7 9. O-O O-O 10. Ne5 Nbd7 11.
Qf3 Nb6 12. Rd1 Nbd5 13. Bg5 h6 14. Bh4 Nxc3 15. bxc3 Nd5 16. Bxe7 Qxe7 17. c4 Nb4 18. Be4 Rb8 19. Rab1 f5 20. Ng6 Qc7 21. Nxf8 fxe4 22.
Qxe4 Nxa2 23. Qh7+ Kxf8 24. Rb3 Qf7 25. Rf3 Qxf3 26.
gxf3 Nc3 27. Re1 Kf7 28. Qc2 1-0

[Event "*** Titled Tuesday Blitz"]
[Site "Chess.com"]
[Date "2020.12.01"]
[Round "3"]
[White "Sviridov_Valery"]
[Black "fyall777"]
[Result "1-0"]
[WhiteElo "2910"]
[BlackElo "2277"]
[TimeControl "180+1"]
[EndTime "10:26:18 PST"]
[Termination "Sviridov_Valery won by resignation"]

1. Nf3 f5 2. d3 Nf6 3. e4 e6 4. exf5 exf5 5. d4 d5 6. Bd3 Bd6 7. O-O O-O 8. Ne5 Nc6 9. Nxc6 bxc6 10. Nd2 Ne4 11. Nf3 Qf6 12. c4 Be6 13. c5 Be7 14. Qa4 Bf7 15. Bf4 Bh5 16. Ne5 g5 17. Nd7 Qf7 18.
Be5 Rfd8 19. Qxc6 Qe8 20. f3 Qxd7 21. Qxd7 Rxd7 22. fxe4 fxe4 23. Bb5 Rdd8 24. Bxc7 Rdc8 25. Bc6 Rxc7 26. Bxd5+ Kg7 27. Bxa8 Bf6 28. Rxf6 Kxf6 29.
Bxe4 Re7 30. Re1 Kg7 31. d5 Bg6 32. d6 Rxe4 33. Rxe4 Bxe4 34. d7 1-0

[Event "*** Titled Tuesday Blitz"]
[Site "Chess.com"]
[Date "2020.12.01"]
[Round "3"]
[White "Enriquack"]
[Black "Joel1285"]
[Result "1-0"]
[WhiteElo "2275"]
[BlackElo "1829"]
[TimeControl "180+1"]
[EndTime "10:26:22 PST"]
[Termination "Enriquack won by resignation"]

1. e4 c5 2. Nf3 Nc6 3. Bb5 g6 4. O-O Bg7 5. d3 Nf6 6. Bxc6 dxc6 7. Qe1 O-O 8. e5 Ne8 9. Nbd2 Nc7 10. a4 Ne6 11.
Nb3 b6 12. a5 Nd4 13. Nfxd4 cxd4 14. axb6 Qxb6 15. Qe4 Be6 16. Nxd4 Bd5 17. Qf4 f6 18. Ne2 fxe5 19. Qe3 Rab8 20. Rxa7 Qxe3 21. fxe3 Rxf1+ 22.
Kxf1 1-0

[Event "*** Titled Tuesday Blitz"]
[Site "Chess.com"]
[Date "2020.12.01"]
[Round "3"]
[White "Orest_Vovk"]
[Black "pavelalexandru07"]
[Result "1-0"]
[WhiteElo "2552"]
[BlackElo "2341"]
[TimeControl "180+1"]
[EndTime "10:26:23 PST"]
[Termination "Orest_Vovk won by resignation"]

1. h3 g6 2. Nc3 Bg7 3. e4 d6 4. Nf3 Nf6 5. Bc4 O-O 6. d3 e5 7. O-O Be6 8. Bxe6 fxe6 9. Ng5 Qe7 10. f4 Nbd7 11. fxe5 dxe5 12. Be3 c6 13. Qe2 Nh5 14. Qg4 Rae8 15. Rxf8+ Bxf8 16. Bxa7 c5 17. Nb5 Nhf6 18. Qh4 Qd8 19. Rf1 Qa5 20. c4 h6 21.
Nf3 Kg7 22. Nxe5 g5 23. Qf2 Re7 24. Bb8 1-0

[Event "*** Titled Tuesday Blitz"]
[Site "Chess.com"]
[Date "2020.12.01"]
[Round "3"]
[White "Stormeman100100"]
[Black "Funo09"]
[Result "0-1"]
[WhiteElo "2513"]
[BlackElo "2755"]
[TimeControl "180+1"]
[EndTime "10:26:24 PST"]
[Termination "Funo09 won by checkmate"]

1. e4 c5 2. Nf3 d6 3. d4 cxd4 4. Nxd4 Nf6 5. Nc3 a6 6. f3 Nbd7 7. Be3 g6 8. Qd2 h5 9. Be2 Bg7 10. O-O O-O 11. f4 b5 12. Nc6 Qe8 13. e5 dxe5 14.
fxe5 Ng4 15. Bxg4 hxg4 16. Nd5 Nxe5 17. Nxe5 Bxe5 18. Bh6 Bb7 19. Bxf8 Qxf8 20. Rae1 Bd6 21. Ne3 Qh6 22. g3 Bxg3 23. Re2 Bf4 24. Qd4 Bf3 25. Ree1 Qxh2# 0-1

[Event "*** Titled Tuesday Blitz"]
[Site "Chess.com"]
[Date "2020.12.01"]
[Round "3"]
[White "kkpanu9"]
[Black "AcsinteMatei"]
[Result "0-1"]
[WhiteElo "2110"]
[BlackElo "2323"]
[TimeControl "180+1"]
[EndTime "10:26:25 PST"]
[Termination "AcsinteMatei won by resignation"]

1. e4 c6 2. d4 d5 3. exd5 cxd5 4. Bd3 Nc6 5. c3 Nf6 6. Bf4 e6 7. Nf3 Bd6 8. Bxd6 Qxd6 9. O-O O-O 10. Re1 a6 11. Nbd2 b5 12. h3 b4 13. g4 bxc3 14. bxc3 a5 15. Ne5 Ba6 16. Bc2 Nd7 17. f4 f6 18.
Nef3 Qxf4 19. Nf1 e5 20. dxe5 Ndxe5 21. Qxd5+ Kh8 22. Nxe5 Nxe5 23. Qe4 Qh6 24. Kh2 Rae8 25. Ng3 g6 26. Rad1 Re7 27. Qd4 Nf3+ 0-1

[Event "*** Titled Tuesday Blitz"]
[Site "Chess.com"]
[Date "2020.12.01"]
[Round "3"]
[White "Kolle05"]
[Black "anon219"]
[Result "0-1"]
[WhiteElo "2437"]
[BlackElo "2763"]
[TimeControl "180+1"]
[EndTime "10:26:28 PST"]
[Termination "anon219 won by resignation"]

1. e4 c5 2. Nf3 a6 3. c3 e6 4. d4 d5 5. exd5 exd5 6. Bd3 c4 7. Bc2 Bd6 8. O-O Ne7 9. b3 cxb3 10. axb3 O-O 11.
c4 Nbc6 12. Nc3 h6 13. Bb1 Bg4 14. cxd5 Nb4 15. Ba3 Nbxd5 16. Nxd5 Nxd5 17. Qd3 Nf6 18. Ne5 Be6 19. Re1 Bxa3 20. Rxa3 Qd6 21. Ra1 Rfd8 22.
Rd1 Rac8 23. Bc2 Qb4 24. Rac1 Kf8 25. h3 Rc3 26. Qd2 Rdc8 27. Bd3 Qxb3 28. Rxc3 Qxc3 29. Qe3 Qb3 30. Qg3 0-1

[Event "*** Titled Tuesday Blitz"]
[Site "Chess.com"]
[Date "2020.12.01"]
[Round "3"]
[White "Durarbayli"]
[Black "plumalka"]
[Result "1/2-1/2"]
[WhiteElo "2755"]
[BlackElo "2494"]
[TimeControl "180+1"]
[EndTime "10:26:30 PST"]
[Termination "Game drawn by repetition"]

1. e4 c5 2. b3 Nc6 3. Bb2 e5 4.
Bc4 g6 5. Ne2 Bg7 6. O-O Nge7 7.
f4 O-O 8. f5 gxf5 9. exf5 Nxf5 10. Nbc3 Nd6 11. Ng3 Nxc4 12. bxc4 Nd4 13. Nd5 d6 14. Bxd4 exd4 15. Nf5 Bxf5 16. Rxf5 d3 17. c3 Qh4 18. Rf4 Qh6 19. Qf3 Be5 20. Rg4+ Kh8 21.
g3 Qxd2 22. Rd1 Qh6 23. Rh4 Qg6 24. Rg4 Qh6 25. Rh4 Qg6 26. Rg4 Qh6 1/2-1/2

[Event "*** Titled Tuesday Blitz"]
[Site "Chess.com"]
[Date "2020.12.01"]
[Round "3"]
[White "arminmusovic"]
[Black "tk22h"]
[Result "1-0"]
[WhiteElo "2535"]
[BlackElo "2327"]
[TimeControl "180+1"]
[EndTime "10:26:33 PST"]
[Termination "arminmusovic won by resignation"]

1. e4 e5 2. Nf3 Nc6 3. Nc3 Nf6 4. Bb5 Bb4 5. O-O O-O 6. d3 Bxc3 7. bxc3 d6 8. h3 Bd7 9. Re1 Ne7 10. Rb1 Bxb5 11. Rxb5 b6 12. d4 Ng6 13. dxe5 dxe5 14. Qxd8 Raxd8 15. Nxe5 Nxe5 16. Rxe5 Rfe8 17. Rxe8+ Rxe8 18. f3 h6 19. Be3 Re6 20. Rd1 Rc6 21. Rd8+ Kh7 22. Bd4 Kg6 23. Kf2 Rc4 24. Rc8 Nh7 25. Ke3 c5 26. Kd3 Ra4 27. Be3 Nf6 28. Rc6 Kh7 29. g4 Nd7 30. f4 Nf6 31. e5 Nd5 32. f5 Rxa2 33. Bd2 Ra4 34. c4 Nb4+ 35. Bxb4 cxb4 36. Rc7 Kg8 37.
Rc8+ Kh7 38. e6 fxe6 39. fxe6 Ra3+ 40. Kd4 Ra1 41. e7 Rd1+ 42. Ke5 Re1+ 43. Kd6 1-0

[Event "*** Titled Tuesday Blitz"]
[Site "Chess.com"]
[Date "2020.12.01"]
[Round "3"]
[White "GMSrinath"]
[Black "Ranindu2003"]
[Result "0-1"]
[WhiteElo "2816"]
[BlackElo "2608"]
[TimeControl "180+1"]
[EndTime "10:26:35 PST"]
[Termination "Ranindu2003 won by resignation"]

1. d4 Nf6 2. c4 e6 3. g3 d5 4. Bg2 Be7 5. Nf3 O-O 6. O-O dxc4 7. Qc2 a6 8. a4 Nc6 9. Qxc4 Na5 10.
Qc2 b6 11. Ne5 Bb7 12. Bxb7 Nxb7 13. Nc6 Qe8 14. e4 Bc5 15. Ne5 Bxd4 16. Nf3 c5 17.
Bg5 h6 18. Bxf6 Bxf6 19. e5 Be7 20. Nc3 Qc6 21. Nd2 Rfd8 22. Rad1 b5 23. axb5 axb5 24. Nce4 Rd5 25. f4 Rad8 26. Rde1 c4 27. Nf3 Nc5 28. f5 exf5 29. Nc3 Rd3 30. Qe2 Nb3 31. Nd1 Bc5+ 32. Kg2 Rd2 0-1

[Event "*** Titled Tuesday Blitz"]
[Site "Chess.com"]
[Date "2020.12.01"]
[Round "3"]
[White "ural58"]
[Black "Adham_Fawzy"]
[Result "0-1"]
[WhiteElo "2445"]
[BlackElo "2834"]
[TimeControl "180+1"]
[EndTime "10:26:39 PST"]
[Termination "Adham_Fawzy won by resignation"]

1. e4 c5 2. b3 Nc6 3. Bb2 e5 4. f4 exf4 5. Qf3 Qh4+ 6. g3 fxg3 7. hxg3 Qe7 8. Nc3 Nf6 9. O-O-O d6 10. Nd5 Nxd5 11. exd5 Ne5 12. Qf4 Bg4 13. Bb5+ Kd8 14.
Re1 Nd3+ 15. cxd3 Qxe1+ 16. Kc2 Qd1+ 17. Kc3 Be7 18. d4 cxd4+ 19. Kb4 a6 20. Bd3 b5 21.
Bxd4 a5+ 22. Kxb5 Bd7+ 23. Kb6 Qc1 24. Bc3 Qa3 25. Qc4 Rc8 26. Qd4 Bf6 27. Qe3 Bxc3 28. dxc3 Rxc3 29. Ne2 Qb4+ 0-1

[Event "*** Titled Tuesday Blitz"]
[Site "Chess.com"]
[Date "2020.12.01"]
[Round "3"]
[White "SergeyShtyka"]
[Black "German_Bazeev"]
[Result "0-1"]
[WhiteElo "2425"]
[BlackElo "2719"]
[TimeControl "180+1"]
[EndTime "10:26:39 PST"]
[Termination "German_Bazeev won by resignation"]

1. e4 c6 2. Nf3 d5 3. Nc3 Bg4 4. h3 Bxf3 5. Qxf3 e6 6. d3 a5 7. g3 Nd7 8. Bg2 Bc5 9. O-O Ne7 10. Qe2 O-O 11. Kh2 Qc7 12. f4 Rae8 13. e5 Nf5 14. Nd1 f6 15. exf6 Nd4 16. Qd2 Nxf6 17.
c3 Nf5 18. d4 Bd6 19. Nf2 g5 20. Nd3 Nxg3 21. Kxg3 gxf4+ 22. Kf2 Ne4+ 23. Bxe4 dxe4 24. Rg1+ Kh8 25. Qe2 exd3 26. Qxd3 e5 27. dxe5 Bc5+ 28. Kf1 Bxg1 29. Kxg1 Qg7+ 30. Kf1 f3 31. Be3 Qg2+ 32.
Ke1 f2+ 0-1

[Event "*** Titled Tuesday Blitz"]
[Site "Chess.com"]
[Date "2020.12.01"]
[Round "3"]
[White "CalinGheorghiu"]
[Black "MPGM"]
[Result "0-1"]
[WhiteElo "2393"]
[BlackElo "2635"]
[TimeControl "180+1"]
[EndTime "10:26:39 PST"]
[Termination "MPGM won on time"]

1. e4 c6 2. Nc3 d5 3. Nf3 dxe4 4.
Nxe4 Nf6 5. Qe2 Bg4 6. Nxf6+ gxf6 7. h3 Bh5 8. g4 Bg6 9. d3 Nd7 10. Bg2 e6 11. Bd2 Nb6 12. O-O Rg8 13. Nh4 f5 14.
Nxg6 hxg6 15. g5 Qc7 16. a4 Bg7 17. c3 Rh8 18. a5 Nd5 19. Qf3 a6 20. c4 Ne7 21.
Rab1 O-O-O 22. b4 e5 23. Qe3 e4 0-1

[Event "*** Titled Tuesday Blitz"]
[Site "Chess.com"]
[Date "2020.12.01"]
[Round "3"]
[White "Parhamov"]
[Black "xamax2000"]
[Result "1-0"]
[WhiteElo "2918"]
[BlackElo "2642"]
[TimeControl "180+1"]
[EndTime "10:26:42 PST"]
[Termination "Parhamov won on time"]

1. e4 e5 2. Nf3 Nc6 3. Bb5 a6 4. Ba4 f5 5. Bxc6 bxc6 6. Nxe5 Qe7 7. Qh5+ g6 8. Nxg6 Qxe4+ 9. Kd1 Nf6 10. Qh4 Qxg2 11.
Re1+ Ne4 12. c4 Qxg6 13. d3 Be7 14. Qf4 Qh5+ 15. Kc2 d5 16. Qxc7 Bd7 17. Qe5 Rf8 18. Nc3 1-0

[Event "*** Titled Tuesday Blitz"]
[Site "Chess.com"]
[Date "2020.12.01"]
[Round "3"]
[White "Rainmond"]
[Black "Valeron76"]
[Result "0-1"]
[WhiteElo "2791"]
[BlackElo "2534"]
[TimeControl "180+1"]
[EndTime "10:26:42 PST"]
[Termination "Valeron76 won by resignation"]

1. e4 g6 2. h4 h5 3. d4 Bg7 4.
Nc3 d6 5. Be3 a6 6. a4 Nf6 7. f3 O-O 8. Qd2 Nbd7 9. Nge2 c6 10. a5 e5 11. d5 cxd5 12. exd5 e4 13. Bd4 Re8 14. Na4 exf3 15. gxf3 Ne5 16. Bg2 Nxd5 17. b3 Nd3+ 18. Kd1 Bxd4 19. Nxd4 Ne3+ 20.
Ke2 Nc4+ 21. Kxd3 Nxd2 22. Kxd2 Qxa5+ 23. Nc3 Qe5 24. Nce2 Qe3+ 25. Kd1 Bf5 26. Ra2 Rac8 27. Re1 Qf2 28. Bf1 Re3 29. c4 Qxh4 30. Rd2 Rce8 31. Bg2 Bd3 32. Bf1 Qxd4 0-1

[Event "*** Titled Tuesday Blitz"]
[Site "Chess.com"]
[Date "2020.12.01"]
[Round "3"]
[White "vovachesss"]
[Black "FMOlexandrProhorov"]
[Result "1/2-1/2"]
[WhiteElo "2614"]
[BlackElo "2208"]
[TimeControl "180+1"]
[EndTime "10:26:42 PST"]
[Termination "Game drawn by agreement"]

1. e4 c6 2. d4 d5 3. exd5 cxd5 4. Bd3 Nc6 5. c3 Qc7 6. h3 Nf6 7. Nf3 g6 8. Qc2 Bg7 9. O-O O-O 10. Re1 a6 11. Bg5 b5 12. Nbd2 Re8 13. Re2 Qb6 14. Rae1 Ra7 15. Ne5 Rc7 16. Ndf3 b4 17. Nxc6 Rxc6 18.
Rxe7 Rf8 19. Bf4 bxc3 20. bxc3 Qa5 21. Bd2 Qd8 22. Qa4 Bd7 23. Ne5 Qxe7 1/2-1/2

[Event "*** Titled Tuesday Blitz"]
[Site "Chess.com"]
[Date "2020.12.01"]
[Round "3"]
[White "Fandorine"]
[Black "Nadeev_Sergey"]
[Result "1-0"]
[WhiteElo "2849"]
[BlackElo "2447"]
[TimeControl "180+1"]
[EndTime "10:26:43 PST"]
[Termination "Fandorine won by resignation"]

1. c4 e5 2. g3 Nf6 3. Bg2 d5 4. cxd5 Nxd5 5. Nf3 Nc6 6. O-O Be7 7. d4 e4 8. Ne5 Nxe5 9. dxe5 Bf5 10. Bxe4 Bxe4 11. Qa4+ Qd7 12. Qxe4 O-O 13. Nc3 Nxc3 14. bxc3 c6 15.
Be3 Qe6 16. f4 f6 17. Bd4 c5 18. Be3 fxe5 19. fxe5 b5 20. a4 b4 21. cxb4 cxb4 22.
Rxf8+ Rxf8 23. Bxa7 b3 24. a5 b2 25. Rb1 Qa2 26. Bd4 Ba3 27. a6 Be7 28. a7 Qa5 29. Kg2 Ba3 30. e6 Re8 31. Qb7 Qh5 32. a8=Q 1-0

[Event "*** Titled Tuesday Blitz"]
[Site "Chess.com"]
[Date "2020.12.01"]
[Round "3"]
[White "elegant285"]
[Black "IngOscarArdila"]
[Result "0-1"]
[WhiteElo "2331"]
[BlackElo "2181"]
[TimeControl "180+1"]
[EndTime "10:26:43 PST"]
[Termination "IngOscarArdila won by resignation"]

1. Nf3 Nf6 2. g3 g6 3. Bg2 Bg7 4. O-O d6 5. c4 O-O 6. Nc3 e5 7. d4 exd4 8. Nxd4 Nbd7 9. e4 Re8 10. Re1 Nc5 11. Bg5 h6 12. Bf4 Bg4 13. f3 Bd7 14. Qd2 Kh7 15. Rad1 a5 16. Nd5 Nxd5 17.
cxd5 Be5 18. Be3 Bg7 19. Rc1 Qf6 20. b3 b5 21. a3 Qe7 22. b4 axb4 23. axb4 Bxd4 24. bxc5 Bxc5 25. Bxc5 dxc5 26. e5 c4 27. d6 cxd6 28. exd6 Qf6 29. f4 c3 30. Qd3 Rxe1+ 31.
Rxe1 Rc8 32. Rc1 b4 33. Bd5 Qxd6 0-1

[Event "*** Titled Tuesday Blitz"]
[Site "Chess.com"]
[Date "2020.12.01"]
[Round "3"]
[White "chesstatour"]
[Black "Bodnar_Mykola"]
[Result "0-1"]
[WhiteElo "1952"]
[BlackElo "2377"]
[TimeControl "180+1"]
[EndTime "10:26:47 PST"]
[Termination "Bodnar_Mykola won on time"]

1. c4 e6 2. Nc3 d5 3. d4 Nf6 4. Nf3 Bb4 5. Bg5 dxc4 6. Qa4+ Nc6 7. e4 h6 8. Bxf6 gxf6 9. Rd1 Bd7 10. Qc2 Qe7 11.
Bxc4 O-O-O 12. O-O Rhg8 13. d5 Ne5 14. Nxe5 fxe5 15.
dxe6 fxe6 16. Nb5 Bc5 17. b4 Bb6 18. a4 Qxb4 19. Rb1 Qc5 20. Rfc1 Rdf8 21. Rb2 Rxf2 22.
Qxf2 Qc6 23. Nxa7+ Bxa7 24. Qxa7 b6 25. Ba6+ Kd8 26.
Qb8+ Ke7 27. Qxg8 Qxc1+ 28. Bf1 Qxb2 29. Qg7+ Kd6 0-1

[Event "*** Titled Tuesday Blitz"]
[Site "Chess.com"]
[Date "2020.12.01"]
[Round "3"]
[White "Zq1"]
[Black "BilodeauA"]
[Result "0-1"]
[WhiteElo "2592"]
[BlackElo "2836"]
[TimeControl "180+1"]
[EndTime "10:26:48 PST"]
[Termination "BilodeauA won by resignation"]

1. d4 d5 2. c4 dxc4 3. Nf3 a6 4. e3 Bg4 5. Bxc4 e6 6. Nc3 Nc6 7. Be2 Nf6 8. O-O Bd6 9. Qb3 O-O 10. h3 Bh5 11.
Rd1 Qe8 12. Bd2 Rb8 13. Be1 e5 14. d5 Ne7 15. Rac1 h6 16. e4 Qd7 17. Kh2 Ng6 18. g3 Nh7 19. Nxe5 Nxe5 20. Bxh5 Ng5 21. Bg4 Nxg4+ 22.
hxg4 Qxg4 23. Rd3 Rbe8 24. Qd1 Qh3+ 25. Kg1 Nxe4 26. Qf3 Ng5 27. Qg2 Qf5 28. Qf1 Nf3+ 0-1

[Event "*** Titled Tuesday Blitz"]
[Site "Chess.com"]
[Date "2020.12.01"]
[Round "3"]
[White "Gusarov91"]
[Black "Bubar"]
[Result "1-0"]
[WhiteElo "2657"]
[BlackElo "2404"]
[TimeControl "180+1"]
[EndTime "10:26:48 PST"]
[Termination "Gusarov91 won by checkmate"]

1. d4 d5 2. Nf3 e6 3. c4 c5 4. cxd5 exd5 5. g3 Nc6 6. Bg2 Nf6 7. O-O Be7 8. dxc5 Bxc5 9. a3 a5 10. Nc3 O-O 11. Bg5 Be6 12. e3 h6 13. Bxf6 Qxf6 14.
Na4 Ba7 15. Rc1 Rfd8 16. Qe2 Bg4 17. h3 Bh5 18. g4 Bg6 19. Rfd1 d4 20. exd4 Nxd4 21.
Nxd4 Bxd4 22. Bxb7 Rab8 23. Bg2 Re8 24. Qd2 Bxb2 25.
Rc6 Qe5 26. Nxb2 Rxb2 27. Qd5 Qe2 28. Qf3 Qxf3 29. Bxf3 Rb3 30. Bd5 Rb5 31. Rxg6 Rxd5 32. Rxg7+ Kxg7 33. Rxd5 Ra8 34. Kg2 a4 35. Rd4 Ra5 36.
Rb4 Kg6 37. f4 Ra6 38. Kg3 Ra5 39. f5+ Kg5 40. Rb6 h5 41. h4# 1-0

[Event "*** Titled Tuesday Blitz"]
[Site "Chess.com"]
[Date "2020.12.01"]
[Round "3"]
[White "LaPorfia"]
[Black "Khnykin_Nikolay"]
[Result "1-0"]
[WhiteElo "2302"]
[BlackElo "2036"]
[TimeControl "180+1"]
[EndTime "10:26:48 PST"]
[Termination "LaPorfia won on time"]

1. d4 e6 2. Nf3 d5 3. Bf4 Nf6 4. Nbd2 c5 5. e3 Nc6 6. c3 Be7 7. Bd3 O-O 8. Ne5 cxd4 9. exd4 h6 10. h4 Bd6 11. Qe2 Re8 12. O-O-O Bf8 13. Kb1 Qa5 14. g4 Ba3 15. Nb3 Qa4 16. bxa3 Qxa3 17. Qb2 Qa4 18.
g5 Nd7 19. gxh6 g6 20. h5 Ndxe5 21. Bxe5 Kh7 22. hxg6+ fxg6 23. Bg7 Bd7 24. Qc2 Rac8 25. Bxg6+ Kg8 26. Bh7+ Kf7 27. Qg6+ Ke7 28. Qg5+ Kd6 29. Be5+ Nxe5 30. Qxe5+ Kc6 31. Bc2 Kb6 32. Qd6+ Rc6 33. Qb4+ Qxb4 34. cxb4 1-0

[Event "*** Titled Tuesday Blitz"]
[Site "Chess.com"]
[Date "2020.12.01"]
[Round "3"]
[White "Sanan_Sjugirov"]
[Black "skoularikii"]
[Result "1-0"]
[WhiteElo "2884"]
[BlackElo "2455"]
[TimeControl "180+1"]
[EndTime "10:26:49 PST"]
[Termination "Sanan_Sjugirov won by resignation"]

1. e4 e5 2. Nf3 Nc6 3. Bb5 a6 4.
Ba4 b5 5. Bb3 Nf6 6. d3 Bc5 7.
Bg5 h6 8. Bh4 g5 9. Bg3 d6 10.
Nbd2 Ne7 11. a4 Bb7 12. c3 Bb6 13. axb5 axb5 14. Rxa8 Qxa8 15. O-O c5 16. d4 Nxe4 17. dxe5 Nxg3 18. hxg3 dxe5 19. Nxe5 c4 20. Bxc4 bxc4 21.
Ndxc4 Qa7 22. Nd6+ Kf8 23. Ndxf7 Rh7 24. Nd6 Bd5 25. c4 Bd4 26. Qd3 Bxe5 27. Qxh7 Bxd6 28. cxd5 Qd4 29. Qxh6+ 1-0

[Event "*** Titled Tuesday Blitz"]
[Site "Chess.com"]
[Date "2020.12.01"]
[Round "3"]
[White "GelmanAlexander"]
[Black "Kislov_Oleg"]
[Result "1-0"]
[WhiteElo "2578"]
[BlackElo "2366"]
[TimeControl "180+1"]
[EndTime "10:26:52 PST"]
[Termination "GelmanAlexander won by checkmate"]

1. d4 Nf6 2. Nc3 d5 3. Bf4 Bf5 4. f3 e6 5. g4 Bg6 6. h4 h5 7. g5 Nfd7 8. e4 Bb4 9. exd5 exd5 10.
Qe2+ Kf8 11. Qb5 Nc6 12. Qxb7 Qe7+ 13. Kf2 Rb8 14. Qxc6 Rb6 15. Qxc7 Bxc3 16. Qc8+ Qe8 17. Qxe8+ Kxe8 18. bxc3 Rb2 19. Kg3 Rxc2 20. Bb5 Rxc3 21.
Ne2 Ra3 22. Rac1 Ke7 23. Rc7 Rd8 24. Nc3 Bf5 25. Nxd5+ Ke6 26. Bc4 Bg4 27. Re1+ Kf5 28. Ne7# 1-0

[Event "*** Titled Tuesday Blitz"]
[Site "Chess.com"]
[Date "2020.12.01"]
[Round "3"]
[White "AldokhinIvan"]
[Black "Tsyhanchuk_Stanislav"]
[Result "1-0"]
[WhiteElo "2494"]
[BlackElo "2227"]
[TimeControl "180+1"]
[EndTime "10:26:52 PST"]
[Termination "AldokhinIvan won by checkmate"]

1. e4 c6 2. Nc3 d5 3. d4 dxe4 4. Nxe4 Bf5 5. Ng3 Bg6 6. h4 h6 7.
Nh3 e6 8. Nf4 Bh7 9. Be3 Nf6 10.
Bd3 Bxd3 11. Qxd3 Qc7 12. O-O-O Nbd7 13. Kb1 O-O-O 14. Ngh5 Nxh5 15. Nxh5 g6 16. Ng3 Bg7 17. h5 g5 18. Qa3 Kb8 19. d5 cxd5 20. Qxa7+ Kc8 21.
c4 Nb8 22. cxd5 Rxd5 23. Rxd5 exd5 24. Nf5 Bf6 25. Qa8 Qe5 26. Rc1+ Kd8 27. Bb6+ Kd7 28.
Qxb7+ Ke6 29. Nd4+ Kd6 30. Bc5# 1-0